 Dungeon Crawl Stone Soup version 0.23-b1-51-gfe822ef6ca (webtiles) character file.

Game seed: 16999335262235902099

251 Laan the Magician (level 5, 0/35 HPs)
             Began as a Mummy Wizard on Feb 4, 2019.
             Slain by an orc
             ... wielding a +0 whip
              (7 damage)
             ... on level 2 of the Dungeon.
             The game lasted 00:06:04 (3946 turns).

Laan the Magician (Mummy Wizard)                    Turns: 3946, Time: 00:06:05

Health: 0/35       AC:  5    Str: 11    XL:     5   Next: 88%
Magic:  1/13       EV: 12    Int: 18    God:
Gold:   125        SH:  0    Dex: 10    Spells: 14/15 levels left

rFire    x . .     SeeInvis .   b - +2 dagger (drain)
rCold    + . .     Gourm    .   (no shield)
rNeg     + + +     Faith    .   a - +0 robe
rPois    ∞         Spirit   .   g - +2 hat
rElec    .         Reflect  .   (no cloak)
rCorr    .         Harm     .   h - +0 pair of gloves
MR       .....                  (no boots)
Stlth    ++........             (no amulet)
HPRegen  0.11/turn              (no ring)
MPRegen  0.13/turn              (no ring)

@: no status effects
A: no food or potions, fire vulnerability, cold resistance 1, negative energy
resistance 3, torment resistance, unbreathing
a: no special abilities


You were on level 2 of the Dungeon.
You were not hungry.

You visited 1 branch of the dungeon, and saw 3 of its levels.

You collected 125 gold pieces.

Inventory:

Hand Weapons
 b - a +2 dagger of draining (weapon)
 c - a +0 dagger
Armour
 a - a +0 robe (worn)
 g - a +2 hat (worn)
 h - a +0 pair of gloves (worn)
Scrolls
 d - 2 scrolls of teleportation {unknown}
 e - a scroll of fear {unknown}
 f - 2 scrolls of remove curse


   Skills:
 - Level 1.5 Dodging
 - Level 1.5 Stealth
 + Level 5.7 Spellcasting
 * Level 4.0 Conjurations
   Level 0.7 Summonings
   Level 0.7 Translocations


You had 14 spell levels left.
You knew the following spells:

 Your Spells              Type           Power        Failure   Level  Hunger
a - Magic Dart            Conj           ###.         2%          1    N/A

Your spell library contained the following spells:

 Spells                   Type           Power        Failure   Level  Hunger
 Blink                    Tloc           N/A          14%         2    N/A
 Call Imp                 Summ           #.......     14%         2    N/A
 Conjure Flame            Conj/Fire      ##......     16%         3    N/A
 Slow                     Hex            #.......     19%         2    N/A
 Mephitic Cloud           Conj/Pois/Air  #.......     22%         3    N/A

Dungeon Overview and Level Annotations

Branches:
Dungeon (3/15)

Altars:


Innate Abilities, Weirdness & Mutations

You do not eat or drink.
Your flesh is vulnerable to fire.
You are immune to poison.
Your flesh is cold resistant. (rC+)
You are immune to negative energy. (rN+++)
You are immune to unholy pain and torment.
You can survive without breathing.


Message History

The magic dart hits the orc.
The orc is severely wounded.
The orc hits you but does no damage.
Casting: Magic Dart (safe; 2% risk of failure)
Confirm with . or Enter, or press ? or * to list all spells.
You don't have enough magic to cast that spell.
Casting: Magic Dart (safe; 2% risk of failure)
Confirm with . or Enter, or press ? or * to list all spells.
You don't have enough magic to cast that spell.
You hit the orc but do no damage. You drain the orc.
You kill the orc!
You hit the orc. You drain the orc.
The orc is almost dead.
The orc barely misses you.
You hit the orc.
You kill the orc!
You hit the orc.
The orc is moderately wounded.
The orc hits you with a +0 whip!
You die...

#......####..#.#
##...#.##....#!#
.....#.##.##.#.#
..........##.#.#
...#...........#
..........##.o.#
..............>#
.......#..####)####
.##..........#.o@.#
..)............##.#
##....!........##.#
##.#.^.......<....#
.).###........#.###
####..!.........#
## #...........##
.###....#......#
.......###...#.#


You could see an orc.

Vanquished Creatures
  Jessica (D:2)
  Terence (D:2)
  Robin (D:2)
  7 adders (D:2)
  4 gnolls (D:2)
  2 oozes
  A worm (D:2)
  A dart slug (D:1)
  A leopard gecko (D:1)
  5 orcs
  A ball python (D:2)
  6 bats
  2 giant cockroaches (D:1)
  12 goblins
  12 hobgoblins
  2 jackals (D:2)
  A frilled lizard (D:3)
  7 kobolds
  3 rats
70 creatures vanquished.

Notes
Turn   | Place    | Note
-------+----------+-------------------------------------------
     0 | D:1      | Laan the Mummy Wizard began the quest for the Orb.
     0 | D:1      | Reached XP level 1. HP: 13/13 MP: 5/5
   122 | D:1      | Reached skill level 1 in Conjurations
   454 | D:1      | Reached XP level 2. HP: 19/19 MP: 2/7
  1343 | D:2      | Reached XP level 3. HP: 22/24 MP: 1/9
  1907 | D:2      | Reached XP level 4. HP: 30/30 MP: 3/10
  2113 | D:2      | Reached skill level 5 in Spellcasting
  2390 | D:2      | Noticed Terence
  2541 | D:2      | Noticed Robin
  2763 | D:2      | Killed Robin
  2851 | D:2      | Reached XP level 5. HP: 35/35 MP: 2/12
  3009 | D:2      | Noticed Jessica
  3014 | D:2      | Killed Jessica
  3034 | D:2      | Killed Terence
  3946 | D:2      | Slain by an orc

Skill      XL: |  1  2  3  4  5 |
---------------+----------------+-----
Conjurations   | 1 2 3 4 |  4.0
Spellcasting   | 5 |  5.7
Dodging        | |  1.5
Stealth        | |  1.5
Summonings     | |  0.7
Translocations | |  0.7

Action                   |  1- 3 |  4- 6 || total
-------------------------+-------+-------++-------
Melee: Dagger            |     1 |    51 ||    52
 Cast: Magic Dart        |    97 |   136 ||   233
  Use: Scroll            |       |     1 ||     1
Armor: Robe              |     5 |    27 ||    32
Dodge: Dodged            |     9 |    91 ||   100
